 Dungeon Crawl Stone Soup version 0.27-a0-1188-g73eefd5def (webtiles) character file.

Game seed: 5001152117913314780

520 Glokmah the Quickloader (level 7, -7/61 HPs)
             Began as a Minotaur Hunter on May 21, 2021.
             Was an Initiate of Okawaru.
             Mangled by an ice beast (13 damage)
             ... on level 5 of the Dungeon.
             The game lasted 00:09:25 (4829 turns).

Glokmah the Quickloader (Minotaur Hunter)           Turns: 4829, Time: 00:09:26

Health: -7/61      AC:  7    Str: 17    XL:     7   Next: 1%
Magic:  6/6        EV: 10    Int:  8    God:    Okawaru [......]
Gold:   158        SH:  0    Dex: 12    Spells: 6/6 levels left

rFire    . . .     SeeInvis .   f - +0 short sword
rCold    . . .     Faith    .   (no shield)
rNeg     . . .     Spirit   .   w - +0 scale mail
rPois    .         Reflect  .   (helmet restricted)
rElec    .         Harm     .   (no cloak)
rCorr    .         Rampage  .   t - +0 pair of gloves
Will     .....                  (no boots)
Stlth    ..........             o - amulet of regeneration
HPRegen  1.20/turn              (no ring)
MPRegen  0.10/turn              (no ring)

@: no status effects
A: horns 2, retaliatory headbutt
a: Renounce Religion


You were on level 5 of the Dungeon.
You worshipped Okawaru.
Okawaru was noncommittal.
You visited 2 branches of the dungeon, and saw 7 of its levels.

You collected 158 gold pieces.

Inventory:

Hand Weapons
 a - a +1 hand crossbow
 f - a +0 short sword (weapon)
Missiles
 d - 12 bolts
 l - 7 boomerangs of dispersal
 q - 13 poisoned darts (quivered)
Armour
 t - a +0 pair of gloves (worn)
 w - a +0 scale mail (worn)
Magical Staves
 b - a staff of cold
Jewellery
 o - an amulet of regeneration (around neck)
 p - a ring of poison resistance
Wands
 s - a wand of flame (17)
Scrolls
 c - 2 scrolls of amnesia
 e - a scroll of magic mapping
 g - 4 scrolls of fog
 h - 2 scrolls of identify
 i - a scroll of holy word {unknown}
 k - 2 scrolls of immolation
 m - 2 scrolls of teleportation
 u - a scroll of enchant armour {unknown}
 v - a scroll of enchant weapon {unknown}
Potions
 j - a potion of lignification
 n - 3 potions of curing
 r - a potion of flight


   Skills:
 + Level 5.5 Fighting
 * Level 8.0 Crossbows
 - Level 2.1 Dodging
 - Level 0.7 Stealth


You had 6 spell levels left.
You didn't know any spells.
Your spell library contained the following spells:

 Spells                   Type           Power      Damage    Failure   Level
 Corona                   Hex            0%         N/A       85%         1
 Ensorcelled Hibernation  Hex/Ice        0%         N/A       94%         2
 Confusing Touch          Hex            0%         N/A       99%         3
 Dazzling Flash           Conj/Hex       0%         N/A       99%         3
 Tukima's Dance           Hex            0%         N/A       99%         3


Dungeon Overview and Level Annotations

Branches:
Dungeon (6/15)             Temple (1/1) D:4

Altars:
Ashenzari
Cheibriados
Dithmenos
Fedhas
Gozag
Kikubaaqudgha
Makhleb
Okawaru
Qazlal
Ru
Sif Muna
Uskayaw
Wu Jian
Xom

Annotations:
D:4 Eustachio


Innate Abilities, Weirdness & Mutations

You have a pair of horns on your head.
You reflexively headbutt those who attack you in melee.


Message History

4 kobolds and a kobold brigand come into view.
The kobold brigand is wielding a +0 dagger and quivering poisoned darts.
The kobold brigand shouts!
The kobold shouts! x4; You hear a shout!
There is a stone staircase leading up here.
You climb upwards.
There is a stone staircase leading down here.
There is a stone staircase leading down here.
You climb downwards.
An ice beast, an orc and a zombie come into view.
The orc shouts!
Found 25 stones, a copper ring and 2 scrolls of identify.
Found a stone staircase leading up.
There is a stone staircase leading up here.
The hornet zombie completely misses you.
You climb upwards.
There is a stone staircase leading down here.
You climb downwards.
The hornet zombie hits you.
The kobold throws a poisoned dart.
The poisoned dart hits you!
You are poisoned.
The orc hits you with a +0 club. The ice beast hits you.
The ice beast freezes you!
The kobold throws a stone.
The stone hits you but does no damage. The hornet zombie hits you!
There is a stone staircase leading up here.
You feel very sick. The hornet zombie hits you! The ice beast hits you.
The ice beast freezes you!
* * * LOW HITPOINT WARNING * * *
The orc barely misses you. The hornet zombie closely misses you.
You climb upwards.
You feel sick.
There is a stone staircase leading down here.
You feel sick. The ice beast closely misses you.
You hit the ice beast but do no damage.
You feel sick. The ice beast hits you.
* * * LOW HITPOINT WARNING * * *
The ice beast freezes you!
* * * LOW HITPOINT WARNING * * *
You feel sick.
Okay, then.
You feel better. The ice beast hits you.
* * * LOW HITPOINT WARNING * * *
The ice beast freezes you!
You die...

#.....####...................#
#.......######################
#######.# #....# #.# #.#
#.#..# #.# #.#
####.#..########.#
#.###................#
#.##...##..####.######
#.##...##..####.#
#.##...##.@Yo.#.###########
#.........###.#...........#
#.........# #.#.#########.#
#.........###.#.# #.#
#.##...####.....#### #.#
#.##............(..# #.#
#.##...####.######.# #.#
#.###### #.# #.# ##.#
#######.# #.# #.# #..#


You could see an ice beast and an orc.

Vanquished Creatures
  Sigmund (D:2)
  An ogre (D:5)
  A hound (D:5)
  2 iguanas (D:5)
  2 orc wizards
  A howler monkey zombie (D:5)
  4 gnolls (D:2)
  An adder (D:3)
  3 worms
  3 orcs
  9 endoplasms
  3 giant cockroaches
  7 hobgoblins
  2 jackals (D:1)
  3 quokkas
  5 ball pythons
  9 bats
  A frilled lizard (D:3)
  6 goblins
  5 kobolds
  6 rats
75 creatures vanquished.

Notes
Turn   | Place    | Note
-------+----------+-------------------------------------------
     0 | D:1      | Glokmah the Minotaur Hunter began the quest for the Orb.
     0 | D:1      | Reached XP level 1. HP: 18/18 MP: 0/0
   237 | D:1      | Reached XP level 2. HP: 15/25 MP: 1/1
   507 | D:1      | You fall into a shaft and drop 1 floor!
   530 | D:2      | Reached skill level 5 in Crossbows
   532 | D:2      | Reached XP level 3. HP: 31/31 MP: 2/2
   555 | D:2      | Found a burning altar of Makhleb.
   669 | D:1      | Found a faded altar of an unknown god.
  1300 | D:2      | Reached XP level 4. HP: 32/38 MP: 3/3
  1678 | D:2      | Noticed Sigmund
  1683 | D:2      | Killed Sigmund
  1684 | D:2      | Reached skill level 6 in Crossbows
  1684 | D:2      | Reached XP level 5. HP: 47/47 MP: 4/4
  1817 | D:3      | Found a stormy altar of Qazlal.
  2128 | D:3      | Found an opulent altar of Gozag.
  2139 | D:3      | Reached skill level 7 in Crossbows
  2705 | D:3      | Reached XP level 6. HP: 50/55 MP: 5/5
  2985 | D:4      | Found a shadowy altar of Dithmenos.
  3283 | D:4      | Noticed Eustachio
  3734 | D:4      | Found a staircase to the Ecumenical Temple.
  3740 | Temple   | Entered the Ecumenical Temple
  3919 | Temple   | Became a worshipper of Warmaster Okawaru
  4061 | D:5      | Entered Level 5 of the Dungeon
  4115 | D:5      | Reached skill level 5 in Fighting
  4314 | D:5      | Reached skill level 8 in Crossbows
  4373 | D:5      | Reached XP level 7. HP: 59/61 MP: 6/6
  4547 | D:5      | Found a burning altar of Makhleb.
  4827 | D:5      | HP: 3/61 [ice beast (11)]
  4829 | D:5      | Mangled by an ice beast

Illustrated notes

Levels and vault maps discovered:
D:1:      lightli_arrival_quake, layout_basic,
          hellmonk_ecumenical_altar_blasted, kennysheep_nondescript
D:2:      layout_loops_ring, basic_altar, uniq_sigmund
D:3:      layout_basic, old_standard_altar, grunt_qazlal_sundering,
          serial_corexii_hall, chequers_hall_statues_y, chequers_hall_statues_y,
          kennysheep_generic_room_8
D:4:      wander_river, layout_gridville, nicolae_dithmenos_shadow_blocks,
          minmay_temple_entry_enclosed_plants, kennysheep_generic_room_6,
          uniq_eustachio
D:5:      layout_loops_ring, lemuel_coloured_pillars_altar
D:6:      layout_rooms, general_overflow_altar
Temple:   minmay_temple_curvy_loop

Skill      XL: |  1  2  3  4  5  6 |
---------------+-------------------+-----
Fighting       | 3 4 5 |  5.5
Crossbows      | 5 6 7 8 |  8.0
Dodging        | |  2.1
Stealth        | |  0.7

Action                   |  1- 3 |  4- 6 |  7- 9 || total
-------------------------+-------+-------+-------++-------
Melee: Short sword       |    19 |    82 |     2 ||   103
       Headbutt          |     5 |    18 |       ||    23
 Fire: Hand crossbow     |    38 |    41 |       ||    79
Throw: Dart              |       |     6 |       ||     6
  Use: Scroll            |       |    11 |       ||    11
       Potion            |       |       |     1 ||     1
Armor: Ring mail         |    15 |    48 |       ||    63
       Scale mail        |       |     4 |     1 ||     5
Dodge: Dodged            |    28 |    98 |     5 ||   131

Table legend: (Time is in decaauts)
 A = Elapsed time spent in this place.
 B = Non-inter-level travel time spent in this place.
 C = Inter-level travel time spent in this place.
 D = Time resting spent in this place.
 E = Time spent auto-exploring this place.
 F = Levels seen in this place.
 G = Mean time per level.
                   A        B        C        D        E       F      G
               +--------+--------+--------+--------+--------+-----+--------+
         Total |   4876 |   4325 |    551 |    165 |   3021 |   7 |  696.6 |
       Dungeon |   4667 |   4180 |    487 |    165 |   2879 |   6 |  777.8 |
        Temple |    208 |    144 |     64 |      0 |    142 |   1 |  208.0 |
               +--------+--------+--------+--------+--------+-----+--------+

Top non-repeatable levels by time:
     D:3: 1066 daAuts
     D:4: 1005 daAuts
     D:2: 914 daAuts
     D:1: 908 daAuts
     D:5: 765 daAuts
  Temple: 208 daAuts
     D:6: 7 daAuts
